 Dungeon Crawl Stone Soup version 0.29.1-15-g9cfb28693d (webtiles) character file.

Game seed: 1819242297779072988

346 Artool the Ducker (level 6, 0/48 HPs)
             Began as a Demonspawn Gladiator on Apr 5, 2023.
             Slain by Edmund
             ... wielding a +4 vorpal dire flail
              (3 damage)
             ... on level 3 of the Dungeon.
             The game lasted 00:05:01 (3311 turns).

Artool the Ducker (Demonspawn Gladiator)            Turns: 3311, Time: 00:05:01

Health: 0/48       AC: 10    Str: 16    XL:     6   Next: 32%
Magic:  6/6        EV:  8    Int: 10    God:
Gold:   81         SH:  6    Dex: 14    Spells: 5/5 levels left

rFire   . . .      SeeInvis +   a - +0 flail
rCold   . . .      Faith    .   (no shield)
rNeg    . . .      Spirit   .   l - +0 chain mail
rPois   .          Reflect  .   p - +0 helmet {SInv}
rElec   .          Harm     .   (no cloak)
rCorr   .          Rampage  .   (no gloves)
Will    .....                   (no boots)
Stlth   ..........              (no amulet)
HPRegen 0.16/turn               (no ring)
MPRegen 0.10/turn               (no ring)

@: no status effects
A: large bone plates 2, demonic touch 2
a: no special abilities


You were on level 3 of the Dungeon.
You visited 1 branch of the dungeon, and saw 4 of its levels.

You collected 81 gold pieces.

Inventory:

Hand Weapons
 a - a +0 flail (weapon)
Missiles
 d - 3 throwing nets (quivered)
 e - a javelin
Armour
 b - a +0 leather armour
 c - a +0 helmet
 l - a +0 chain mail (worn)
 p - a +0 helmet of see invisible (worn)
Scrolls
 g - 2 scrolls of noise {unknown}
 i - 2 scrolls of magic mapping {unknown}
 k - a scroll of summoning {unknown}
 m - a scroll of fog {unknown}
 r - a scroll of immolation {unknown}
 s - 2 scrolls of identify {unknown}
Potions
 f - a potion of flight {unknown}
 h - 2 potions of curing {unknown}
 j - 2 potions of might {unknown}
 n - a potion of heal wounds {unknown}
 o - a potion of lignification {unknown}
 q - a potion of brilliance
 t - 2 potions of mutation {unknown}


   Skills:
 + Level 3.7 Fighting
 + Level 4.0 Maces & Flails
 - Level 1.7 Throwing
 + Level 2.5 Armour
 + Level 4.0 Dodging


You had 5 spell levels left.
You didn't know any spells.
Your spell library contained the following spells:

 Spells                   Type           Power      Damage    Failure   Level
 Freeze                   Ice            0%         1d3       100%        1
 Frozen Ramparts          Ice            0%         1d1       100%        3
 Hailstorm                Conj/Ice       0%         3d3       100%        4
 Summon Forest            Summ/Tloc      0%         N/A       100%        5
 Summon Mana Viper        Hex/Summ       0%         N/A       100%        5
 Summon Cactus Giant      Summ           0%         N/A       100%        6


Dungeon Overview and Level Annotations

Branches:
Dungeon (4/15)
 Temple: D:4-7

Altars:
Uskayaw

Shops:
D:1 *

Annotations:
D:3 Edmund


Innate Abilities, Weirdness & Mutations

You are mostly covered in large bone plates. (SH +6)
Your touch may inflict irresistible damage on your foes.


Message History

No target in view!
Done exploring.
No target in view!
You see here a hobgoblin corpse.
You see here a +0 mace.
There is a stone staircase leading down here.
You climb downwards.
You hear the hiss of flowing sand.
There is an entrance to an ossuary on this level.
Hurry and find it before the portal is buried!
Edmund shouts!
The hobgoblin shouts!
The ogre shouts!
Found a scroll labelled RUUKEI SI QOUN.
There is a stone staircase leading up here.
Edmund drinks a potion.
Edmund seems to speed up.
You climb upwards.
There is a stone staircase leading down here.
You sock Edmund! Your touch misses Edmund.
Edmund is moderately wounded.
Edmund hits you with a +4 vorpal dire flail!
You hit Edmund but do no damage.
Edmund is moderately wounded.
Edmund closely misses you.
Edmund hits you with a +4 vorpal dire flail.
You sock Edmund!
Edmund is moderately wounded.
Edmund hits you with a +4 vorpal dire flail.
Edmund hits you with a +4 vorpal dire flail!
You barely miss Edmund.
Edmund is moderately wounded.
Edmund hits you with a +4 vorpal dire flail.
Edmund hits you but does no damage.
You barely miss Edmund.
Edmund is moderately wounded.
Edmund hits you but does no damage.
Edmund hits you with a +4 vorpal dire flail.
* * * LOW HITPOINT WARNING * * *
x2 You hit Edmund but do no damage.
You touch Edmund!
Edmund is severely wounded.
Edmund hits you with a +4 vorpal dire flail!
* * * LOW HITPOINT WARNING * * *
You die...

#.##.#..........#
###.##.#######
#.##.##.......###
#..#..........
#.##.###.#.##.#
#.#.#..#######
##..........##.#
#.#.#.##
......###.####.#
#.#.#.## #######
#.# #.# #.#.#..#
#.# #.#####.#.##)#
# ##.#
#.@.......##.# #
#..#
#.#@########.# #
#.## #.#.# #.# #.#
#.#.########.# #.#
#.#.#........# #.#
#.#.#.########
######.#####.#.#.#
#..........)[#.#.#
#.####.#######.#.#
#.# #.# #.#.#


You could see Edmund (fast).

Vanquished Creatures
  Sigmund (D:2)
  Jessica (D:2)
  An iguana (D:3)
  3 gnolls (D:3)
  3 adders
  4 worms (D:2)
  A dart slug (D:1)
  9 bats
  8 endoplasms
  4 giant cockroaches
  7 goblins
  8 hobgoblins
  6 jackals (D:1)
  5 quokkas
  7 ball pythons
  3 frilled lizards (D:3)
  3 kobolds
  3 rats
77 creatures vanquished.

Notes
Turn   | Place    | Note
-------+----------+-------------------------------------------
     0 | D:1      | Artool the Demonspawn Gladiator began the quest for the
                  | Orb.
     0 | D:1      | Reached XP level 1. HP: 16/16 MP: 1/1
   151 | D:1      | Gained mutation: You are partially covered in large bone
                  | plates. (SH +4) [demonic ancestry]
   151 | D:1      | Reached XP level 2. HP: 20/22 MP: 2/2
   448 | D:1      | Found Abbowial's Assorted Antiques.
  1065 | D:1      | Reached skill level 1 in Armour
  1115 | D:1      | Gained mutation: Your touch may inflict minor irresistible
                  | damage on your foes. [demonic ancestry]
  1115 | D:1      | Reached XP level 3. HP: 9/28 MP: 3/3
  1127 | D:1      | HP: 1/28 [hobgoblin (2)]
  1553 | D:1      | Found a faded altar of an unknown god.
  1836 | D:2      | Found a hide-covered altar of Uskayaw.
  2215 | D:2      | Reached XP level 4. HP: 34/34 MP: 4/4
  2239 | D:2      | Noticed Jessica
  2251 | D:2      | Killed Jessica
  2534 | D:2      | Noticed Sigmund
  2541 | D:2      | Killed Sigmund
  2542 | D:2      | Gained mutation: Your touch may inflict irresistible damage
                  | on your foes. [demonic ancestry]
  2542 | D:2      | Reached XP level 5. HP: 41/41 MP: 5/5
  2616 | D:3      | Gained mutation: You are mostly covered in large bone
                  | plates. (SH +6) [demonic ancestry]
  2616 | D:3      | Reached XP level 6. HP: 44/47 MP: 6/6
  3303 | D:4      | Noticed Edmund
  3311 | D:3      | Slain by Edmund

Illustrated notes

Levels and vault maps discovered:
D:1:      dpeg_arrival_shelter, layout_basic, chequers_ecumenical_altar_grove,
          serial_shops, shop, fountainhead
D:2:      layout_rooms, basic_altar, st_stairs_7, nicolae_wormholes,
          uniq_sigmund, uniq_jessica
D:3:      layout_loops_ring
D:4:      layout_cave_pools, jmf_multi_god_temple2,
          minmay_temple_entry_glassed_door, nicolae_ossuary_entry_giza,
          uniq_edmund

Skill      XL: |  1  2  3  4  5  6 |
---------------+-------------------+-----
Dodging        | 3 4 |  4.0
Maces & Flails | 3 4 |  4.0
Armour         | 1 2 |  2.5
Fighting       | 3 |  3.7
Throwing       | |  1.7

Action                   |  1- 3 |  4- 6 || total
-------------------------+-------+-------++-------
Melee: Flail             |   122 |    77 ||   199
       Punch             |     2 |       ||     2
       Touch             |     9 |    14 ||    23
Armor: Leather armour    |    37 |       ||    37
       Chain mail        |    15 |    39 ||    54
Dodge: Dodged            |   138 |    29 ||   167
Block: Other             |    33 |    15 ||    48
